 Dungeon Crawl Stone Soup version 0.23.2-40-g277498a001 (webtiles) character file.

Game seed: 13366265513172528486

42385 Acheron the Cleaver (level 14, -1/86 HPs)
             Began as a Gargoyle Fighter on Sept 12, 2019.
             Was a High Priest of Okawaru.
             Killed from afar by a fire dragon (19 damage)
             ... with a blast of flame
             ... on level 6 of the Lair of Beasts.
             The game lasted 03:06:30 (22529 turns).

Acheron the Cleaver (Gargoyle Fighter)             Turns: 22529, Time: 03:06:44

Health: -1/86      AC: 23    Str: 20    XL:     14   Next: 19%
Magic:  20/24      EV: 16    Int: 12    God:    Okawaru [*****.]
Gold:   1311       SH: 12    Dex: 11    Spells: 10/26 levels left

rFire    . . .     SeeInvis .   w - +3 broad axe (chop)
rCold    . . .     Gourm    .   c - +0 shield
rNeg     + . .     Faith    .   b - +0 acid dragon scales
rPois    ∞         Spirit   .   L - +0 helmet
rElec    +         Reflect  .   d - scarf {repulsion}
rCorr    +         Harm     .   A - +1 pair of gloves
MR       +....                  (no boots)
Stlth    +++++++...             (no amulet)
HPRegen  0.24/turn              v - ring of stealth
MPRegen  0.19/turn              r - ring of stealth

@: heroism, finesse, flying, repel missiles
A: big wings, negative energy resistance 1, electricity resistance, unbreathing,
petrification resistance, rot immunity, AC +10
a: Stop Flying, Heroism, Finesse, Renounce Religion


You were on level 6 of the Lair of Beasts.
You worshipped Okawaru.
Okawaru was extremely pleased with you.
You were not hungry.

You visited 5 branches of the dungeon, and saw 22 of its levels.

You collected 1311 gold pieces.

Inventory:

Hand Weapons
 e - a +0 falchion of electrocution
 l - a +2 rapier of speed
 n - a +3 war axe
 s - a +0 whip of electrocution
 w - a +3 broad axe of chopping (weapon)
 Q - a +2 spear of freezing
Missiles
 a - a throwing net
 m - 6 curare-tipped needles
 z - 70 sling bullets
 E - 169 stones (quivered)
 K - 6 javelins of penetration
Armour
 b - +0 acid dragon scales (worn)
 c - a +0 shield (worn)
 d - a scarf of repulsion (worn)
 A - a +1 pair of gloves (worn)
 D - +0 ice dragon scales
 L - a +0 helmet (worn)
 P - a +1 troll leather armour {Snorg}
Jewellery
 k - an uncursed ring of positive energy
 p - an uncursed ring of positive energy
 r - a ring of stealth (right hand)
 v - a ring of stealth (left hand)
 M - an uncursed ring of protection from magic {unknown}
Wands
 q - a wand of clouds (2)
 y - a wand of polymorph (19)
 C - a wand of iceblast (3)
 H - a wand of digging (11)
 I - a wand of flame (17)
Scrolls
 h - a scroll of magic mapping
 t - a scroll of amnesia
 u - 4 scrolls of identify
 B - a scroll of enchant armour
 F - 4 scrolls of remove curse
 T - 2 scrolls of blinking
Potions
 g - 4 potions of flight
 i - 4 potions of curing
 j - 2 potions of magic
 o - 2 potions of ambrosia
 G - a potion of mutation
 N - a potion of lignification
 O - a potion of invisibility
 R - a potion of berserk rage
Comestibles
 f - 27 rations


   Skills:
 * Level 9.1(14.1) Fighting
 + Level 2.2(7.2) Short Blades
 * Level 9.5(14.5) Axes
 + Level 1.9(6.9) Throwing
 + Level 7.3(12.3) Armour
 + Level 5.5(10.5) Dodging
 * Level 8.6(13.6) Stealth
 + Level 7.5(12.5) Shields
 * Level 6.6 Spellcasting
 * Level 5.0 Conjurations
 * Level 2.7 Hexes
 * Level 5.4 Summonings
 * Level 3.1 Necromancy
 + Level 5.1 Translocations
 * Level 2.8 Fire Magic
 * Level 4.8 Earth Magic
 * Level 5.7 Invocations
 * Level 4.6 Evocations


You had 10 spell levels left.
You knew the following spells:

 Your Spells              Type           Power        Failure   Level  Hunger
a - Apportation           Tloc           ###...       3%          1    None
b - Animate Skeleton      Necr           N/A          8%          1    None
c - Summon Small Mammal   Summ           ###.         3%          1    None
d - Magic Dart            Conj           ###.         3%          1    None
e - Sandblast             Erth           ###...       3%          1    None
f - Searing Ray           Conj           ###...       5%          2    #......
g - Stone Arrow           Conj/Erth      ###...       11%         3    ###....
h - Dazzling Spray        Conj/Hex       ##....       17%         3    ###....
i - Conjure Flame         Conj/Fire      ##......     17%         3    ###....

Your spell library contained the following spells:

 Spells                   Type           Power        Failure   Level  Hunger
 Confusing Touch          Hex            ##....       9%          1    None
 Passwall                 Tmut/Erth      #.......     16%         2    #......
 Force Lance              Conj/Tloc      ###.....     34%         4    ####...
 Iskenderun's Mystic Bla  Conj           ###.....     34%         4    ####...
 Poisonous Vapours        Pois/Air       #.....       38%         2    #......
 Mephitic Cloud           Conj/Pois/Air  #.......     38%         3    ###....
 Fulminant Prism          Conj/Hex       ##........   50%         4    ####...
 Petrify                  Tmut/Erth      #.......     71%         4    ####...
 Lee's Rapid Deconstruct  Erth           ###.......   71%         5    ######.
 Freezing Cloud           Conj/Ice/Air   #.........   100%        6    #######
 Ring of Flames           Chrm/Fire      #.........   100%        7    #######


Dungeon Overview and Level Annotations

Branches:
Dungeon (12/15)            Temple (1/1) D:6            Lair (6/6) D:11
 Shoals (1/4) Lair:4        Snake (2/4) Lair:2
  Slime: Lair:5-6       Orc: D:9-12

Altars:
Ashenzari
Cheibriados
Dithmenos
Elyvilon
Fedhas
Gozag
Hepliaklqana
Kikubaaqudgha
Makhleb
Nemelex Xobeh
Okawaru
Qazlal
Ru
Sif Muna
Trog
Uskayaw
Vehumet
Wu Jian
Xom
Yredelemnul
Zin
The Shining One

Shops:
D:9 :

Annotations:
D:6 1 runed translucent door, MajorAdolf's ghost, novice NaWn
D:8 exclusion: downstairs, Gastronok; Maurice
D:9 exclusion: downstairs
D:11 Urug
Lair:1 1 runed translucent door, Wuochyse's ghost, journeyman DEWz
Lair:2 3 runed translucent doors, teukkam's ghost, journeyman MiFi
Lair:4 exclusion: upstairs


Innate Abilities, Weirdness & Mutations

You are resistant to torment.
Your stone body is resilient. (AC +10)
You are immune to poison.
Your large and strong wings let you fly indefinitely.
You resist negative energy. (rN+)
You are resistant to electric shocks. (rElec)
You can survive without breathing.
You are immune to petrification.
You are immune to rotting.


Message History

You feel like a meek peon again.
The plant is engulfed in a cloud of scalding steam.
You feel a bit more experienced.
You gain the combat prowess of a mighty hero.
You are engulfed in a cloud of scalding steam.
You slash the fire dragon!
The fire dragon is lightly wounded.
You closely miss the steam dragon. The steam dragon breathes steam at you.
The ball of steam hits you!
* * * LOW HITPOINT WARNING * * *
You hear an angry hiss.
You slash the steam dragon!
The steam dragon is heavily wounded.
You hit the fire dragon.
You are engulfed in a cloud of scalding steam.
* * * LOW HITPOINT WARNING * * *
The fire dragon breathes flames at you. The blast of flame hits you!!
You die...

♣♣♣♣♣♣♣♣♣♣≈..##)
♣♣♣♣P♣.♣≈.♣♣≈≈..##.
♣♣.P..≈.≈≈≈≈≈≈...##.
♣♣♣...♣♣..≈.♣..≈P...##
♣♣..♣.P♣≈≈≈♣♣♣♣♣♣%..###
♣♣....P♣≈≈♣♣♣,***♣#..P##
♣...≈≈..≈♣♣*,,,,,*#=%..[
♣♣..≈≈≈DD≈♣P♣**,,**##....
♣♣♣.P≈≈♣♣♣@D§§...*,* #....
♣....≈♣♣♣♣♣.≈≈♣..*** #....
♣♣.≈≈≈♣♣♣.♣♣♣P≈≈≈≈.,** #P...
♣..≈≈♣♣$%./%♣♣♣≈≈♣≈≈≈**##...
♣≈≈≈♣♣♣.l?(.♣***.♣≈,≈,*#....
♣..≈♣≈P[.k.$♣.♣**♣*≈≈,*#....
♣..≈≈.≈.k≈≈.P.≈,*≈*≈≈,*#....
♣♣.P≈≈≈..≈≈≈≈≈≈≈,,,≈≈,*#P...
♣♣♣.≈≈≈.≈≈≈≈≈≈≈≈≈≈≈,,*#####


You could see a fire dragon, a swamp dragon and a steam dragon.

Vanquished Creatures
  Snorg (Lair:3)
  2 ice dragons
  4 hydras
  A two-headed ogre (D:8)
  7 death yaks
  A naga sharpshooter (Snake:2)
  2 lindwurms (Lair:6)
  An oklob plant (D:11)
  A manticore (Lair:4)
  6 elephants
  A black mamba (Lair:4)
  9 spiny frogs
  5 torpor snails (Lair:6)
  Psyche (D:8)
  3 komodo dragons
  3 tyrant leeches (Lair:6)
  8 hornets (Lair:6)
  Grinder (D:3)
  3 polar bears (Lair:4)
  11 dream sheep
  6 hippogriffs
  12 blink frogs
  2 wyverns
  32 yaks
  A wraith (D:11)
  A basilisk (Lair:2)
  A hungry ghost (D:8)
  4 nagas (Lair:2)
  10 water moccasins
  6 porcupines
  2 swamp drakes (Lair:6)
  An ice beast (D:8)
  A black bear (D:7)
  3 sky beasts
  A necrophage (D:6)
  3 phantoms
  9 wolves
  6 ogres
  6 centaurs
  9 crocodiles
  Blork the orc (D:4)
  10 bullfrogs
  4 scorpions
  5 killer bees (D:10)
  3 howler monkeys
  2 crimson imps
  A bullfrog zombie (D:7)
  A centaur zombie (D:9)
  2 hounds
  6 jellies
  7 orc priests
  2 bullfrog skeletons (D:5)
  Jessica (D:3)
  8 worker ants
  4 orc wizards
  A killer bee zombie (D:5)
  A hound zombie (D:10)
  A worker ant zombie (D:7)
  3 gnolls
  6 adders
  2 shadow imps
  4 oozes
  2 adder zombies
  2 worms
  3 dart slugs
  6 leopard geckos
  35 orcs
  A ball python (D:1)
  3 giant cockroaches
  6 goblins
  5 hobgoblins
  3 jackals (D:5)
  3 quokkas
  A ball python zombie (D:5)
  8 bats
  9 frilled lizards
  12 kobolds
  4 rats
  3 plants
368 creatures vanquished.

Vanquished Creatures (collateral kills)
  2 elephants (Lair:4)
  3 spiny frogs
  A rime drake (Lair:6)
  A komodo dragon (Lair:6)
  A hippogriff (Lair:6)
  2 blink frogs (Lair:6)
  An acid dragon (Lair:6)
  A water moccasin (Lair:6)
  A porcupine (Lair:5)
  A crocodile (Lair:6)
  A jelly (Lair:5)
  An ooze (Lair:4)
  A fungus (Lair:4)
  2 plants
19 creatures vanquished.

Vanquished Creatures (others)
  A swamp drake (Lair:6)
  2 bushes (Lair:4)
  16 fungi
  27 plants
46 creatures vanquished.

Grand Total: 433 creatures vanquished

Notes
Turn   | Place    | Note
-------+----------+-------------------------------------------
     0 | D:1      | Acheron the Gargoyle Fighter began the quest for the Orb.
     0 | D:1      | Reached XP level 1. HP: 14/14 MP: 1/1
   106 | D:1      | Reached XP level 2. HP: 19/19 MP: 2/2
   627 | D:1      | Reached XP level 3. HP: 19/23 MP: 2/4
   818 | D:2      | Found a stormy altar of Qazlal.
   890 | D:2      | Found an ancient bone altar of Kikubaaqudgha.
  1337 | D:2      | Reached skill level 1 in Stealth
  1362 | D:2      | Reached skill level 1 in Spellcasting
  1362 | D:2      | Reached XP level 4. HP: 26/28 MP: 5/5
  1395 | D:2      | Reached skill level 1 in Dodging
  1637 | D:3      | You fall through a shaft!
  1970 | D:4      | Reached XP level 5. HP: 27/33 MP: 7/7
  2310 | D:4      | Reached XP level 6. HP: 18/38 MP: 7/9
  2540 | D:4      | Learned a level 1 spell: Animate Skeleton
  2542 | D:4      | Learned a level 1 spell: Apportation
  2544 | D:4      | Learned a level 1 spell: Summon Small Mammal
  2838 | D:4      | You fall through a shaft for 2 floors!
  2975 | D:6      | Noticed a phantom
  2986 | D:5      | Entered Level 5 of the Dungeon
  3128 | D:5      | Reached XP level 7. HP: 35/43 MP: 10/10
  3382 | D:5      | Reached skill level 1 in Summonings
  3386 | D:5      | Reached skill level 1 in Translocations
  3953 | D:5      | Reached XP level 8. HP: 37/48 MP: 12/12
  4704 | D:6      | Reached skill level 5 in Fighting
  4709 | D:6      | Found a staircase to the Ecumenical Temple.
  4828 | Temple   | Entered the Ecumenical Temple
  4885 | Temple   | Became a worshipper of Warmaster Okawaru
  5541 | D:6      | Found a runed translucent door.
  5546 | D:6      | Noticed MajorAdolf's ghost (novice NaWn)
  5895 | D:7      | Reached XP level 9. HP: 53/54 MP: 14/14
  5918 | D:7      | Found a shattered altar of Ashenzari.
  5997 | D:7      | Reached * piety under Okawaru
  6303 | D:7      | Reached skill level 5 in Axes
  6691 | D:8      | Noticed Gastronok
  6787 | D:8      | Reached skill level 5 in Shields
  6812 | D:8      | Noticed a two-headed ogre
  6992 | D:9      | Reached skill level 5 in Armour
  7065 | D:9      | Found Kibb's Book Emporium.
  7158 | D:9      | Found a bloodstained altar of Trog.
  7203 | D:9      | Found a shadowy altar of Dithmenos.
  7208 | D:10     | Entered Level 10 of the Dungeon
  7208 | D:10     | Noticed a komodo dragon
  7231 | D:9      | HP: 2/55 [yak (9)]
  7930 | D:9      | Reached ** piety under Okawaru
  7939 | D:9      | Reached skill level 5 in Stealth
  7957 | D:9      | Reached XP level 10. HP: 31/60 MP: 14/16
  8707 | D:8      | Found an ornate altar of the Wu Jian Council.
  8867 | D:8      | Killed a two-headed ogre
  9024 | D:8      | Noticed Psyche
  9313 | D:11     | Reached *** piety under Okawaru
  9361 | D:11     | Noticed a brown ugly thing
  9436 | D:11     | Noticed an ettin
  9436 | D:11     | Noticed a fire giant
  9436 | D:11     | Noticed Urug
  9490 | D:11     | Noticed an oklob plant
  9625 | D:11     | Found a staircase to the Lair.
  9680 | D:12     | Noticed a deep elf mage
 10348 | D:10     | Reached skill level 1 in Invocations
 10639 | D:8      | Noticed Maurice
 10843 | D:8      | Killed Psyche
 11126 | D:4      | Noticed Blork the orc
 11133 | D:4      | Killed Blork the orc
 11337 | D:3      | Noticed Jessica
 11344 | D:3      | Killed Jessica
 11471 | D:3      | Noticed Grinder
 11481 | D:3      | Paralysed by something for 7 turns
 11492 | D:3      | Killed Grinder
 11756 | D:3      | Found a burning altar of Makhleb.
 12471 | D:10     | Reached skill level 1 in Throwing
 12471 | D:10     | Reached skill level 1 in Evocations
 12540 | D:10     | Reached XP level 11. HP: 66/66 MP: 18/18
 12693 | D:11     | Killed an oklob plant
 12774 | Lair:1   | Entered Level 1 of the Lair of Beasts
 13056 | Lair:1   | Reached skill level 5 in Spellcasting
 13338 | Lair:2   | Got a smelly scale mail
 13339 | Lair:2   | Identified the cursed +0 scale mail "Akhleal" {MR+ Str+3
                  | Dex+3 Stlth-} (You found it on level 2 of the Lair of
                  | Beasts)
 13774 | Lair:3   | Noticed Snorg
 14075 | Lair:4   | Reached **** piety under Okawaru
 14226 | Lair:5   | Noticed a six-headed hydra
 14246 | Lair:5   | Noticed a seven-headed hydra
 14252 | Lair:5   | Noticed a seven-headed hydra
 14260 | Lair:5   | Noticed a death yak
 14262 | Lair:5   | Noticed a death yak
 14281 | Lair:5   | Noticed an eight-headed hydra
 14333 | Lair:4   | Found a frozen archway.
 14335 | Lair:4   | Noticed an ice dragon
 14482 | Lair:4   | Received a gift from Okawaru
 14500 | Lair:4   | Learned a level 1 spell: Magic Dart
 14502 | Lair:4   | Learned a level 1 spell: Sandblast
 14505 | Lair:4   | Learned a level 2 spell: Searing Ray
 14578 | Lair:4   | Killed an ice dragon
 14861 | Lair:4   | Noticed a death yak
 14861 | Lair:4   | Noticed a death yak
 14862 | Lair:4   | Noticed a death yak
 14949 | Lair:4   | Found a staircase to the Shoals.
 14959 | Lair:4   | Noticed a manticore
 14976 | Lair:4   | Reached skill level 1 in Earth Magic
 14977 | Lair:4   | Killed a manticore
 14977 | Lair:4   | Reached skill level 1 in Conjurations
 14987 | Shoals:1 | Entered Level 1 of the Shoals
 14987 | Shoals:1 | Noticed a merfolk avatar
 15013 | Lair:4   | Noticed a death yak
 15034 | Lair:3   | Killed a death yak
 15148 | Lair:2   | Reached ***** piety under Okawaru
 15148 | Lair:2   | Reached skill level 5 in Translocations
 15189 | Lair:2   | Reached skill level 1 in Short Blades
 15189 | Lair:2   | Reached XP level 12. HP: 41/72 MP: 20/20
 15467 | Lair:2   | Found a runed translucent gate.
 15467 | Lair:2   | Noticed a death yak
 15468 | Lair:2   | Found a runed translucent gate.
 15468 | Lair:2   | Noticed teukkam's ghost (journeyman MiFi)
 15550 | Lair:2   | Found a staircase to the Snake Pit.
 15712 | Lair:2   | Learned a level 3 spell: Stone Arrow
 15845 | Snake:1  | Entered Level 1 of the Snake Pit
 15870 | Snake:2  | Noticed a naga sharpshooter
 15887 | Snake:2  | Killed a naga sharpshooter
 15887 | Snake:2  | Reached skill level 5 in Dodging
 16099 | Snake:1  | Noticed a naga sharpshooter
 16113 | Snake:1  | Noticed a naga sharpshooter
 16489 | Lair:2   | Found a runed translucent gate.
 16892 | Lair:3   | Killed Snorg
 17103 | Lair:3   | Reached skill level 1 in Necromancy
 17132 | Lair:3   | Received a gift from Okawaru
 17904 | Lair:3   | Learned a level 3 spell: Dazzling Spray
 17908 | Lair:3   | Learned a level 3 spell: Conjure Flame
 18114 | Lair:1   | Got a bloodstained leather armour
 18115 | Lair:1   | Identified the cursed +1 leather armour "Ysoplex" {rPois
                  | Int+4 SInv} (You found it on level 1 of the Lair of Beasts)
 18197 | Lair:1   | Found a runed translucent door.
 18421 | Lair:1   | Noticed Wuochyse's ghost (journeyman DEWz)
 18670 | Lair:4   | Reached skill level 1 in Fire Magic
 19133 | Lair:4   | Noticed a five-headed hydra
 19150 | Lair:4   | Reached XP level 13. HP: 77/79 MP: 19/22
 19425 | Lair:4   | Received a gift from Okawaru
 19725 | Lair:4   | Reached skill level 1 in Hexes
 20127 | Lair:5   | Got a bloodstained mace
 20128 | Lair:5   | Identified the cursed +0 mace "Spider's Funeral" {pain,
                  | Dex+2} (You found it on level 5 of the Lair of Beasts)
 20399 | Lair:5   | Received a gift from Okawaru
 20433 | Lair:4   | Reached skill level 5 in Invocations
 20894 | Lair:5   | Reached skill level 5 in Summonings
 20983 | Lair:6   | Entered Level 6 of the Lair of Beasts
 21073 | Lair:6   | Received a gift from Okawaru
 21605 | Lair:6   | Found a runed translucent door.
 21605 | Lair:6   | Noticed an ice dragon
 21840 | Lair:6   | Killed an ice dragon
 21840 | Lair:6   | Gained mutation: Your large and strong wings let you fly
                  | indefinitely. [Gargoyle growth]
 21840 | Lair:6   | Reached XP level 14. HP: 60/86 MP: 21/23
 21979 | Lair:6   | Reached skill level 5 in Conjurations
 22529 | Lair:6   | Killed from afar by a fire dragon

Skill      XL: |  1  2  3  4  5  6  7  8  9 10 11 12 13 14 |
---------------+-------------------------------------------+-----
Axes           | 2 3 4 5 6 7 8 9 |  9.5
Stealth        | 1 2 3 4 5 6 7 8 |  8.6
Spellcasting   | 1 2 3 4 5 6 |  6.6
Dodging        | 1 2 3 4 5 |  5.5
Fighting       | 4 5 6 7 8 9 |  9.1
Armour         | 4 5 6 7 |  7.3
Summonings     | 1 2 3 4 5 |  5.4
Shields        | 4 5 6 7 |  7.5
Translocations | 1 2 3 4 5 |  5.1
Invocations    | 1 3 4 5 |  5.7
Throwing       | 1 |  1.9
Evocations     | 1 2 3 4 |  4.6
Earth Magic    | 1 3 4 |  4.8
Conjurations   | 1 3 4 5 |  5.0
Short Blades   | 1 2 |  2.2
Necromancy     | 2 3 |  3.1
Fire Magic     | 1 2 |  2.8
Hexes          | 2 |  2.7

Action                   |  1- 3 |  4- 6 |  7- 9 | 10-12 | 13-15 || total
-------------------------+-------+-------+-------+-------+-------++-------
Melee: War axe           |   113 |   132 |   437 |   663 |       ||  1345
       Falchion          |       |       |       |     5 |       ||     5
       Dagger            |       |       |       |     2 |       ||     2
       Broad axe         |       |       |       |   129 |   360 ||   489
       Rapier            |       |       |       |       |    31 ||    31
Throw: Throwing net      |       |       |     1 |       |       ||     1
 Cast: Animate Skeleton  |       |       |       |     9 |    34 ||    43
       Summon Small Mamm |       |       |       |     3 |     9 ||    12
Invok: Heroism           |       |       |     6 |    50 |    26 ||    82
       Finesse           |       |       |       |     1 |     2 ||     3
 Abil: Fly               |       |       |       |       |     1 ||     1
Evoke: Wand              |       |       |     1 |    14 |     9 ||    24
  Use: Scroll            |     1 |     6 |    13 |    16 |     5 ||    41
       Potion            |       |     1 |     3 |    12 |     4 ||    20
 Stab: Held in net/web   |       |       |     1 |       |       ||     1
       Sleeping          |       |       |       |    15 |     3 ||    18
       Distracted        |       |       |       |     3 |     4 ||     7
       Paralysed         |       |       |       |     3 |     7 ||    10
       Confused          |       |       |       |       |     1 ||     1
  Eat: Chunk             |     2 |     4 |     7 |    17 |     4 ||    34
       Ration            |       |     1 |     2 |     7 |     2 ||    12
Armor: Scale mail        |    63 |    72 |   217 |   372 |    78 ||   802
       Ice dragon scales |       |       |       |       |    15 ||    15
       Troll leather arm |       |       |       |       |    21 ||    21
       Acid dragon scale |       |       |       |       |     6 ||     6
Dodge: Dodged            |    45 |    48 |   159 |   336 |   138 ||   726
Block: Shield            |    69 |    60 |   239 |   452 |   197 ||  1017
